 Dungeon Sprint DCSS version 0.26-a0-652-gafc20e3620 (webtiles) character file.

Game seed: 6756918556736009822

352 mhtbhm the Cleaver (level 6, -9/99 HPs)
             Began as a Minotaur Berserker on Oct 1, 2020.
             Was a High Priest of Trog.
             Mangled by a phantasmal warrior (23 damage)
             ... while paralysed by a floating eye
             ... in the Dungeon (Sprint VII: "The Pits").
             The game lasted 00:00:53 (570 turns).

mhtbhm the Cleaver (Minotaur Berserker)              Turns: 570, Time: 00:00:54

Health: -9/99      AC: 14    Str: 23    XL:     6   Next: 35%
Magic:  1/1        EV:  2    Int:  4    God:    Trog [*****.]
Gold:   0          SH:  0    Dex: 10    Spells: 5/5 levels left

rFire    . . .     SeeInvis .   a - +2 broad axe (antimagic)
rCold    . . .     Faith    .   (no shield)
rNeg     . . .     Spirit   .   b - +2 plate armour
rPois    .         Reflect  .   (helmet restricted)
rElec    .         Harm     .   (no cloak)
rCorr    .         Rampage  .   (no gloves)
MR       .....     NoTele   +   (no boots)
Stlth    ..........             (no amulet)
HPRegen  0.26/turn              (no ring)
MPRegen  0.07/turn              (no ring)

@: paralysed, berserking, vulnerable
A: retaliatory headbutt, horns 2
a: Berserk, Trog's Hand, Brothers in Arms, Renounce Religion


You were in the Dungeon.
You worshipped Trog.
Trog was extremely pleased with you.
You visited 1 branch

Inventory:

Hand Weapons
 a - a +2 antimagic broad axe (weapon)
Armour
 b - a +2 plate armour (worn)
Scrolls
 h - a scroll of blinking
 j - 3 scrolls of remove curse
 k - a scroll of summoning
Potions
 c - 6 potions of curing
 d - 5 potions of heal wounds
 e - a potion of haste
 f - 4 potions of magic
 g - 3 potions of berserk rage
 i - 2 potions of invisibility


   Skills:
 + Level 9.8 Fighting
 + Level 11.2 Axes
 + Level 5.6 Armour
 + Level 5.9 Dodging
 + Level 0.1 Stealth


You had 5 spell levels left.
You didn't know any spells.
Your spell library was empty.

Dungeon Overview and Level Annotations

Branches:
Dungeon (1/1)

Altars:
Gozag
Hepliaklqana
Sif Muna
Trog
Jiyva


Innate Abilities, Weirdness & Mutations

You reflexively headbutt those who attack you in melee.
You have a pair of horns on your head.


Message History

You feel yourself moving faster!
You feel mighty!
The floating eye's stare focuses on you.
The floating eye seems to glare at you. The phantasmal warrior hits you.
The scorpion stings you.
* * * LOW HITPOINT WARNING * * *
You closely miss the phantasmal warrior.
Your headbutt misses the phantasmal warrior.
You slash the scorpion!
The floating eye gazes piercingly through you!
You suddenly lose the ability to move!
The floating eye gazes piercingly through you!
You shrug off the repeated paralysis!
The phantasmal warrior hits you.
* * * LOW HITPOINT WARNING * * *
The scorpion stings you but does no damage.
The scorpion barely misses you. The phantasmal warrior hits you!
* * * LOW HITPOINT WARNING * * *
The floating eye's stare focuses on you.
The floating eye seems to glare at you. The phantasmal warrior hits you!!
You die...

#.#...).#'###...<...#
#.#........##.......#
#.#........##.......#
#'###########.......#
#)).....#.. #########
#.###...#G#
#.#.....#G#
#.#...#.#s#
#.....#.#@+
#...###.#W#
#.......'5#
###########


You could see a phantasmal warrior, a scorpion, 2 floating eyes and a crimson
imp.

Vanquished Creatures
  A flying skull (D)
  A gnoll sergeant (D)
  An orc wizard (D)
  An iron imp (D)
  An iguana (D)
  3 gnolls (D)
  An adder (D)
  An adder zombie (D)
  2 oozes (D)
  A leopard gecko (D)
  2 orcs (D)
  A ball python (D)
  A giant cockroach (D)
  A hobgoblin (D)
  4 jackals (D)
  A quokka (D)
  A kobold (D)
24 creatures vanquished.

Notes
Turn   | Place    | Note
-------+----------+-------------------------------------------
     0 | D        | mhtbhm the Minotaur Berserker began the quest for the Orb.
     0 | D        | Reached XP level 1. HP: 19/19 MP: 0/0
    10 | D        | Reached skill level 4 in Axes
    49 | D        | Reached ** piety under Trog
    49 | D        | Reached XP level 2. HP: 25/28 MP: 1/1
    75 | D        | Reached skill level 5 in Axes
    79 | D        | Reached skill level 5 in Fighting
    80 | D        | Reached *** piety under Trog
    86 | D        | Noticed a gnoll sergeant
    91 | D        | Reached skill level 6 in Axes
    91 | D        | Reached XP level 3. HP: 37/37 MP: 2/2
    91 | D        | Reached **** piety under Trog
   101 | D        | Killed a gnoll sergeant
   101 | D        | Reached skill level 8 in Axes
   101 | D        | Reached XP level 4. HP: 39/47 MP: 3/3
   406 | D        | Found a bloodstained altar of Trog.
   406 | D        | Found a shimmering blue altar of Sif Muna.
   406 | D        | Found a viscous altar of Jiyva.
   406 | D        | Found a hazy altar of Hepliaklqana.
   406 | D        | Found an opulent altar of Gozag.
   433 | D        | Noticed a flying skull
   438 | D        | Reached ***** piety under Trog
   440 | D        | Reached XP level 5. HP: 53/53 MP: 4/4
   440 | D        | Reached skill level 9 in Axes
   442 | D        | Killed a flying skull
   442 | D        | Received a gift from Trog
   442 | D        | Reached skill level 10 in Axes
   442 | D        | Reached skill level 5 in Armour
   442 | D        | Reached skill level 5 in Dodging
   442 | D        | Reached XP level 6. HP: 64/64 MP: 5/5
   446 | D        | Reached skill level 11 in Axes
   562 | D        | Noticed a phantasmal warrior
   565 | D        | Noticed a floating eye
   565 | D        | Noticed a floating eye
   568 | D        | Paralysed by a floating eye for 3 turns
   570 | D        | Mangled by a phantasmal warrior

Illustrated notes

Levels and vault maps discovered:
D:        pitsprint [storerooms_1, entrance_room_1, metal_vault_5, armoury_2,
          mini_pit_1, grid_room_1, main_hall_1, silver_pit, the_coven_3,
          the_vestibule_1, steel_vault_4, golden_pit, hallway_of_sentries,
          crystal_vault_5, iron_vault_2, final_vault]

Skill      XL: |  1  2  3  4  5  6 |
---------------+-------------------+-----
Fighting       | 4 5 7 8 9 |  9.8
Axes           | 4 6 8 10 11 | 11.2
Armour         | 3 4 5 |  5.6
Dodging        | 3 4 5 |  5.9
Stealth        | |  0.1

Action                   |  1- 3 |  4- 6 || total
-------------------------+-------+-------++-------
Melee: Hand axe          |    24 |    13 ||    37
       Headbutt          |     5 |     2 ||     7
       Broad axe         |       |     2 ||     2
Invok: Berserk           |     1 |     2 ||     3
  Use: Potion            |       |     1 ||     1
Armor: Animal skin       |     2 |       ||     2
       Plate armour      |       |     3 ||     3
Dodge: Dodged            |    13 |     7 ||    20

Table legend: (Time is in decaauts)
 A = Elapsed time spent in this place.
 B = Non-inter-level travel time spent in this place.
 C = Inter-level travel time spent in this place.
 D = Time resting spent in this place.
 E = Time spent auto-exploring this place.
 F = Levels seen in this place.
 G = Mean time per level.
                   A        B        C        D        E       F      G
               +--------+--------+--------+--------+--------+-----+--------+
         Total |    587 |    587 |      0 |    369 |     20 |   1 |  587.0 |
       Dungeon |    587 |    587 |      0 |    369 |     20 |   1 |  587.0 |
               +--------+--------+--------+--------+--------+-----+--------+

Top non-repeatable levels by time:
       D: 587 daAuts
